 Dungeon Crawl Stone Soup version 0.18.0-2-g198d6d4 (webtiles) character file.

14776 manyhoops the Cleaver (level 11, -2/90 HPs)
             Began as a Mummy Gladiator on May 5, 2016.
             Was a High Priest of Okawaru.
             Engulfed by a cloud of flame (9 damage)
             ... in a volcano.
             The game lasted 00:24:48 (13227 turns).

manyhoops the Cleaver (Mummy Gladiator)            Turns: 13227, Time: 00:24:48

Health: -2/90      AC: 29    Str: 25    XL:     11   Next: 93%
Magic:  9/15       EV:  8    Int:  7    God:    Okawaru [*****.]
Gold:   608        SH:  5    Dex: 14    Spells: 0 memorised, 10 levels left

rFire  . . .     SeeInvis .     z - +2 war axe (vamp)
rCold  . . .     Gourm    .     p - +2 plate armour "Rishajim" {rN+ Str+4}
rNeg   + + +     Faith    .     (no shield)
rPois  ∞         Spirit   .     c - +0 helmet
rElec  .         Dismiss  .     m - +2 cloak
rCorr  .         Reflect  +     b - +2 pair of gloves
SustAt .         Harm     .     B - +1 pair of boots {Stlth+}
MR     +....                    g - +5 amulet of reflection
Stlth  ..........               t - ring of fire
                                w - +3 ring of protection

@: finesse, somewhat resistant to hostile enchantments, extremely unstealthy
A: no food or potions, fire vulnerability, cold resistance 1, negative energy
resistance 3, torment resistance, unbreathing
a: Heroism, Finesse, Renounce Religion


You were in a volcano.
You worshipped Okawaru.
Okawaru was extremely pleased with you.
You were not hungry.

You visited 3 branches of the dungeon, and saw 15 of its levels.
You also visited: Ossuary and Volcano.

You collected 806 gold pieces.
You spent 198 gold pieces at shops.

Inventory:

Hand Weapons
 z - a +2 vampiric war axe (weapon)
 E - a +3 dire flail
Missiles
 d - 5 throwing nets (quivered)
Armour
 b - a +2 pair of gloves (worn)
 c - a +0 helmet (worn)
 m - a +2 cloak (worn)
 p - the +2 plate armour "Rishajim" (worn) {rN+ Str+4}
   (You found it on level 4 of the Dungeon)

   It affects your strength (+4).
   It protects you from negative energy.
 B - a +1 pair of boots of stealth (worn)
Jewellery
 e - an uncursed amulet of faith
 g - a +5 amulet of reflection (around neck)
 h - an uncursed ring of sustain attributes
 r - a +5 ring of slaying
 t - a ring of fire (right hand)
 w - a +3 ring of protection (left hand)
Wands
 o - a wand of flame (27/48)
 u - a wand of lightning (0/15)
 v - a wand of digging (11/24)
 x - a wand of confusion (14/48)
 A - a wand of teleportation (1/9)
 C - a wand of random effects (18/48)
Scrolls
 f - a scroll of immolation
 i - 4 scrolls of teleportation
 j - a scroll of random uselessness
 k - 4 scrolls of remove curse
 l - a scroll of noise
 n - a scroll of amnesia
 q - 2 scrolls of enchant weapon
 s - 7 scrolls of identify
 y - 2 scrolls of magic mapping
 D - a scroll of fog


   Skills:
 + Level 9.6 Fighting
 + Level 11.1 Axes
 - Level 1.5 Throwing
 + Level 7.9 Armour
 - Level 2.4 Dodging
 * Level 5.4 Invocations


You had 10 spell levels left.
You didn't know any spells.

Dungeon Overview and Level Annotations

Branches:
Dungeon (11/15)            Temple (0/1) D:6            Lair (2/8) D:9
    Orc (2/2) D:11
    Elf: Orc:2

Altars:
Ashenzari
Cheibriados
Elyvilon
Fedhas
Okawaru
Pakellas
Qazlal
Sif Muna
Trog
Xom
Zin
The Shining One

Shops:
D:4 [   D:10 [   Orc:2 (


Innate Abilities, Weirdness & Mutations

You do not eat or drink.
Your flesh is vulnerable to fire.
You are immune to poison.
Your flesh is cold resistant.
You are immune to negative energy.
You are immune to unholy pain and torment.
You can survive without breathing.


Message History

You slash the fire crab!
The fire crab is heavily wounded.
You are engulfed in roaring flames.
You hit the fire crab.
You feel better.
The fire crab is severely wounded.
You are engulfed in roaring flames.
The fire crab breathes flames at you. The blast of flame engulfs you!
Your plate armour "Rishajim" prevents you from hitting the fire crab.
The fire crab is severely wounded.
You are engulfed in roaring flames.
You slice the fire crab!!
You kill the fire crab!
Okawaru accepts your kill.
You are engulfed in roaring flames.
You feel like a meek peon again.
You are engulfed in roaring flames.
* * * LOW HITPOINT WARNING * * *
You are engulfed in roaring flames.
You die...

§§§≈≈§..§.§..........§..
.≈≈§≈≈≈≈
≈§≈≈§§≈.########'######
≈≈ ≈≈≈≈§§§§# #.# ≈≈
≈≈≈≈≈≈§§# #§# ≈≈
≈§≈≈≈§§§# #§# §
§≈≈≈≈≈§.# #§# ≈≈≈≈≈≈..#
#§# §§≈≈≈≈. #§# #@#
#.§§§.# #§8_8.# +.....+
≈≈≈≈§§ ####### ≈≈≈≈§≈
§≈≈ ≈≈§§§§ ≈≈≈ §§§§≈≈
≈≈≈≈≈§ §§§≈≈≈ §§§≈≈≈≈
≈≈≈≈≈§§≈


There were no monsters in sight!

Vanquished Creatures
  Erolcha (D:10)
  A fire crab (Volcano)
  The ghost of unh01y the Blocker, a novice MiFi of Makhleb (D:6)
  A cyclops (D:11)
  The ghost of F1L1N the Covert, a novice OpAs (D:5)
  Psyche (D:11)
  The ghost of tstbtto the Chopper, a novice NaBe of Trog (D:4)
  A black mamba (Lair:1)
  A spiny frog (Lair:2)
  A komodo dragon (Lair:1)
  3 trolls
  The ghost of Bubs the Stinger, an amateur FoVM (Ossuary)
  Sigmund (D:2)
  5 yaks (Lair:1)
  A shadow (D:9)
  A wraith (D:6)
  4 fire bats (Volcano)
  3 wyverns
  A hungry ghost (D:11)
  A hippogriff (Lair:1)
  A mottled dragon (D:11)
  2 water moccasins
  3 ice beasts
  2 phantoms
  3 sky beasts
  13 orc warriors
  A black bear (D:6)
  A wasp (D:10)
  5 ogres
  2 crocodiles
  7 centaurs
  Blork the orc (D:6)
  6 giant frogs
  A scorpion (D:9)
  4 wights (D:9)
  2 electric eels
  4 howler monkeys
  4 crimson imps
  3 giant frog zombies
  2 lava snakes (Volcano)
  4 jellies
  2 quasits
  15 orc priests
  2 centaur zombies (D:5)
  Crazy Yiuf (D:2)
  4 gnoll shamans
  2 centaur skeletons
  6 giant frog skeletons
  13 orc wizards
  A human zombie (Ossuary)
  Ijyb (D:3)
  3 iguanas
  Natasha (twice) (D:2 D:1)
  2 hell rats (Lair:1)
  Terence (D:2)
  7 worker ants
  A killer bee zombie (D:11)
  2 big kobold zombies (Ossuary)
  3 hound zombies (Ossuary)
  2 hound skeletons (D:10)
  4 mummies (Ossuary)
  2 worker ant zombies
  61 gnolls
  8 adders
  6 river rats (Lair:1)
  2 oozes
  An adder zombie (D:6)
  5 worms
  3 giant geckos
  52 orcs
  7 giant cockroaches
  8 goblins
  12 hobgoblins
  26 jackals
  7 quokkas
  3 ball pythons
  8 bats
  A giant cockroach zombie (D:6)
  A giant gecko zombie (D:8)
  7 giant newts
  A gnoll zombie (Ossuary)
  A goblin zombie (Ossuary)
  A hobgoblin zombie (Ossuary)
  14 kobolds
  2 kobold zombies (Ossuary)
  9 rats
  A rat zombie (Ossuary)
  2 plants
427 creatures vanquished.

Vanquished Creatures (others)
  A hippogriff (D:2)
  A mottled dragon (Volcano)
2 creatures vanquished.

Grand Total: 429 creatures vanquished

Notes
Turn   | Place    | Note
--------------------------------------------------------------
     0 | D:1      | manyhoops the Mummy Gladiator began the quest for the Orb.
     0 | D:1      | Reached XP level 1. HP: 16/16 MP: 1/1
   324 | D:1      | Reached XP level 2. HP: 22/22 MP: 2/2
   386 | D:1      | Reached skill level 3 in Axes
   799 | D:1      | Reached XP level 3. HP: 27/27 MP: 3/3
   925 | D:2      | Noticed Terence
   937 | D:2      | Killed Terence
   955 | D:2      | Reached XP level 4. HP: 15/34 MP: 4/4
  1158 | D:2      | Found an oddly glowing altar of Pakellas.
  1158 | D:2      | Noticed an orange crystal statue
  1159 | D:2      | Noticed a hippogriff
  1185 | D:2      | Killed a hippogriff
  1202 | D:2      | Found an iron altar of Okawaru.
  1217 | D:2      | Became a worshipper of Warmaster Okawaru
  1377 | D:2      | Found a snail-covered altar of Cheibriados.
  1537 | D:2      | Found a bloodstained altar of Trog.
  1537 | D:2      | Noticed Sigmund
  1543 | D:2      | Reached skill level 1 in Armour
  1553 | D:2      | Killed Sigmund
  1553 | D:2      | Reached * piety under Okawaru
  1553 | D:2      | Reached skill level 4 in Axes
  1553 | D:2      | Reached XP level 5. HP: 8/41 MP: 5/5
  1889 | D:2      | Noticed Natasha
  1900 | D:2      | Killed Natasha
  1916 | D:2      | Noticed Crazy Yiuf
  2101 | D:2      | Noticed Natasha
  2122 | D:1      | Killed Natasha
  2548 | D:3      | Reached XP level 6. HP: 45/47 MP: 6/6
  2803 | D:3      | Noticed Ijyb
  2821 | D:3      | Killed Ijyb
  3410 | D:2      | Killed Crazy Yiuf
  3781 | D:3      | Found a deep blue altar of Sif Muna.
  4067 | D:4      | Noticed tstbtto's ghost (novice NaBe)
  4123 | D:3      | Reached XP level 7. HP: 47/54 MP: 7/7
  4148 | D:4      | Reached skill level 5 in Axes
  4218 | D:4      | Found a white marble altar of Elyvilon.
  4242 | D:4      | Got a twisted plate armour
  4253 | D:4      | Identified the +2 plate armour "Rishajim" {rN+ Str+4} (You found it on level 4 of the Dungeon)
  4260 | D:4      | Found a glowing golden altar of the Shining One.
  4262 | D:4      | Found a blossoming altar of Fedhas.
  4367 | D:4      | Found a bloodstained altar of Trog.
  4384 | D:4      | Found a shimmering altar of Xom.
  4414 | D:4      | Found Kokemiev's Antique Armour Boutique.
  4487 | D:5      | Entered Level 5 of the Dungeon
  4554 | D:5      | Reached ** piety under Okawaru
  4633 | D:5      | Found a shattered altar of Ashenzari.
  4840 | D:5      | Reached XP level 8. HP: 58/61 MP: 8/8
  4891 | D:5      | Reached skill level 5 in Fighting
  5025 | D:5      | Reached skill level 6 in Axes
  5159 | D:5      | Noticed F1L1N's ghost (novice OpAs)
  5226 | D:5      | Killed F1L1N's ghost
  5226 | D:5      | Reached *** piety under Okawaru
  5264 | D:4      | Killed tstbtto's ghost
  5264 | D:4      | Reached **** piety under Okawaru
  5264 | D:4      | Reached skill level 7 in Axes
  5264 | D:4      | Reached skill level 5 in Armour
  5438 | D:4      | Reached XP level 9. HP: 64/69 MP: 9/9
  5504 | D:4      | Found a stormy altar of Qazlal.
  5901 | D:5      | Found a glowing silver altar of Zin.
  6192 | D:6      | Found a sand-covered staircase.
  6197 | Ossuary  | Entered an ossuary
  6197 | Ossuary  | Noticed Bubs's ghost (amateur FoVM)
  6215 | Ossuary  | Killed Bubs's ghost
  6734 | D:6      | Noticed unh01y's ghost (novice MiFi)
  6736 | D:6      | Reached skill level 8 in Axes
  6763 | D:6      | Killed unh01y's ghost
  6763 | D:6      | Reached ***** piety under Okawaru
  6805 | D:6      | Noticed Blork the orc
  6862 | D:6      | HP: 1/72 [orc priest/divine providence (13)]
  7306 | D:6      | Reached XP level 10. HP: 46/79 MP: 10/10
  7644 | D:6      | Reached skill level 1 in Invocations
  7785 | D:6      | Killed Blork the orc
  7785 | D:6      | Reached skill level 9 in Axes
  7807 | D:6      | Found a staircase to the Ecumenical Temple.
  9937 | D:9      | Found a staircase to the Lair.
 10186 | Lair:1   | Entered Level 1 of the Lair of Beasts
 10378 | Lair:1   | Reached XP level 11. HP: 48/87 MP: 13/13
 10603 | Lair:1   | Reached skill level 10 in Axes
 10866 | Lair:1   | You fall through a shaft!
 11183 | D:10     | Entered Level 10 of the Dungeon
 11307 | D:10     | Found Raij's Armour Boutique.
 11315 | D:10     | Bought a +1 pair of boots of stealth for 198 gold pieces
 11544 | D:10     | Noticed Erolcha
 11556 | D:10     | Killed Erolcha
 12145 | D:11     | Noticed Psyche
 12159 | D:11     | Killed Psyche
 12617 | D:11     | Reached skill level 5 in Invocations
 12729 | D:11     | Found a staircase to the Orcish Mines.
 12788 | Orc:1    | Entered Level 1 of the Orcish Mines
 12856 | Orc:2    | Entered Level 2 of the Orcish Mines
 12856 | Orc:2    | Found Asosapol's Antique Weapon Shoppe.
 12856 | Orc:2    | Noticed an orc high priest
 12925 | Orc:1    | Found a dark tunnel.
 12933 | Volcano  | Entered a volcano
 13195 | Volcano  | Found a bloodstained altar of Trog.
 13195 | Volcano  | Noticed a fire crab
 13210 | Volcano  | Reached skill level 11 in Axes
 13225 | Volcano  | Killed a fire crab
 13227 | Volcano  | Engulfed by a cloud of flame

Skill      XL: |  1  2  3  4  5  6  7  8  9 10 11 |
---------------+----------------------------------+-----
Axes           | 3 4 5 7 8 9 11 | 11.1
Armour         | 1 2 4 5 6 7 |  7.9
Fighting       | 3 4 6 7 8 9 |  9.6
Invocations    | 3 5 |  5.4
Throwing       | |  1.5
Dodging        | |  2.4

Action                   |  1- 3 |  4- 6 |  7- 9 | 10-12 || total
-------------------------+-------+-------+-------+-------++-------
Melee: War axe           |   131 |   254 |   371 |   680 ||  1436
       Punch             |       |       |       |     1 ||     1
Invok: Heroism           |       |       |     3 |     5 ||     8
       Finesse           |       |       |       |     1 ||     1
Evoke: Wand              |       |       |       |     1 ||     1
  Use: Scroll            |       |       |     9 |     2 ||    11
Armor: Ring mail         |    52 |    87 |     3 |       ||   142
       Leather armour    |     3 |       |       |       ||     3
       Plate armour      |       |       |   265 |   393 ||   658
Dodge: Dodged            |    79 |   125 |   174 |   251 ||   629
Block: Other             |     6 |    68 |    44 |   145 ||   263
       Reflection        |       |     6 |       |     3 ||     9
